Map: Neon Violet Square LE

Players

HatsuneMiku

  • Race: Terran Terran
  • League: Diamond
  • Spawn Location: 11:00

IIIIIIII - Winner!

  • Race: Terran Terran
  • League: Master
  • Spawn Location: 5:00

VOD

Have the link to the VOD?

Description

Time

  • Played on: Nov. 21, 2017, 4:26 p.m.
  • Length: 14:00
Show
View Real Time Build Order
Export as new Build Order

HatsuneMiku Terran 

Build Orders: Mech 

Get SALT Encoding   

  12  0:01  SCV  
  13  0:13  SCV  
  14  0:18  Supply Depot  
  14  0:25  SCV  
  15  0:40  SCV  
  16  0:44  Barracks  
  16  0:49  Refinery  
  16  0:52  SCV  
  16  0:55  Refinery  
  17  1:04  SCV  
  18  1:16  SCV  
  19  1:31  Marine, Orbital Command  
  20  1:38  Bunker  
  20  1:49  Marine  
  20  1:51  Factory  
  21  1:57  SCV  
  21  2:00  Supply Depot  
  22  2:10  SCV  
  23  2:19  Command Center  
  23  2:23  SCV  
  23  2:25  Barracks Reactor  
  24  2:35  Refinery  
  24  2:40  Hellion  
  24  2:42  SCV  
  27  2:46  Starport  
  27  2:55  SCV  
  28  3:02  Marine x2, Supply Depot  
  30  3:07  SCV  
  31  3:23  SCV, Viking  
  34  3:40  Orbital Command  
  34  3:42  Cyclone  
  34  3:43  Cyclone  
  34  3:44  SCV  
  41  3:51  Engineering Bay  
  41  3:54  Starport Tech Lab  
  41  3:56  SCV  
  42  4:07  SCV  
  42  4:08  SCV  
  44  4:18  Missile Turret  
  44  4:19  SCV  
  44  4:20  SCV  
  44  4:22  Missile Turret  
  48  4:31  SCV  
  48  4:33  SCV  
  48  4:34  Supply Depot  
  48  4:37  Raven  
  50  4:43  SCV  
  50  4:45  SCV  
  52  4:55  SCV  
  52  4:57  SCV, Barracks Reactor  
  54  5:06  Command Center  
  54  5:07  Supply Depot  
  54  5:08  SCV  
  54  5:09  SCV  
  54  5:13  Factory  
  56  5:20  SCV  
  57  5:24  SCV  
  57  5:28  Refinery x2  
  58  5:31  Supply Depot  
  58  5:32  Viking  
  62  5:38  Siege Tank  
  63  5:43  SCV, Supply Depot  
  63  5:44  SCV  
  63  5:47  Supply Depot  
  63  5:48  Viking  
  67  5:55  SCV  
  67  5:56  SCV, Supply Depot  
  69  6:02  Missile Turret  
  73  6:04  Viking, Hellion x2  
  73  6:07  SCV  
  73  6:09  SCV  
  77  6:12  Siege Tank  
  80  6:25  Orbital Command  
  80  6:26  SCV  
  80  6:27  Hellion  
  80  6:28  Hellion  
  85  6:39  Refinery  
  85  6:40  SCV  
  85  6:43  Refinery  
  86  6:48  SCV, Starport  
  86  6:49  Command Center  
  86  6:50  Factory  
  87  6:54  SCV x2  
  89  7:03  SCV  
  89  7:05  Siege Tank  
  93  7:12  Armory x2  
  93  7:16  Liberator  
  93  7:17  Liberator  
  93  7:18  SCV x3  
  96  7:25  Supply Depot  
  96  7:32  Starport Tech Lab  
  100  7:42  Siege Tank  
  100  7:43  Factory Tech Lab  
  103  7:47  Missile Turret  
  103  7:53  SCV x3  
  103  7:55  Hellion x2  
  103  7:57  Raven  
  112  8:04  Orbital Command  
  112  8:07  Terran Vehicle Weapons Level 1  
  112  8:12  Terran Vehicle And Ship Armor Level 1  
  112  8:17  Siege Tank  
  112  8:19  Siege Tank  
  118  8:22  SCV  
  118  8:23  SCV  
  118  8:24  SCV  
  120  8:39  Refinery x2  
  120  8:40  Hellion x2  
  120  8:41  Viking  
  126  8:43  Raven  
  128  8:49  Missile Turret  
  128  8:53  Supply Depot x2  
  128  8:58  Factory  
  128  9:13  Liberator  
  128  9:14  Liberator  
  128  9:21  Command Center  
  128  9:27  Factory  
  128  9:28  Raven  
  128  9:30  Factory  
  133  9:31  Factory  
  136  9:47  Factory Tech Lab  
  136  9:51  Drilling Claws, Infernal Pre-Igniter  
  136  10:06  Thor x2, Missile Turret  
  148  10:09  Terran Vehicle Weapons Level 2  
  147  10:17  Siege Tank  
  147  10:18  Factory Tech Lab x3  
  150  10:31  Raven, Viking  
  150  10:32  Viking  
  150  10:34  Orbital Command  
  156  10:42  Refinery  
  155  10:43  Refinery  
  155  10:49  Siege Tank x2  
  159  10:59  Siege Tank  
  159  11:02  Thor  
  168  11:12  Siege Tank  
  168  11:13  Viking x2  
  168  11:17  Terran Ship Weapons Level 1  
  109  12:02  Thor  
  109  12:03  Thor x3  
  116  12:10  Thor  
  114  12:25  Thor  
  104  12:36  Hellion x2  
  106  12:50  Command Center  
  105  12:54  Siege Tank x3  
  105  12:55  Siege Tank x2  
  105  12:58  SCV x4  
  118  12:59  SCV  
  119  13:10  SCV  
  120  13:14  SCV x2, Armory  
  120  13:15  SCV  
  123  13:29  Missile Turret  
  123  13:30  Supply Depot  
  129  13:35  SCV x4  
Show
View Real Time Build Order
Export as new Build Order

IIIIIIII Terran - Winner!

Build Orders: Mech 

Get SALT Encoding   

  12  0:01  SCV  
  13  0:13  SCV  
  14  0:18  Supply Depot  
  14  0:25  SCV  
  15  0:40  SCV  
  16  0:44  Barracks  
  16  0:47  Refinery  
  16  0:52  SCV  
  17  1:04  SCV  
  18  1:16  SCV  
  19  1:31  Marine  
  19  1:32  Orbital Command  
  20  1:48  Supply Depot  
  20  1:49  Marine  
  21  1:59  SCV  
  22  2:07  Command Center  
  22  2:11  Factory  
  22  2:12  Marine  
  22  2:15  SCV  
  24  2:27  SCV  
  25  2:39  SCV  
  25  2:42  Barracks Tech Lab  
  26  2:51  SCV  
  26  2:56  Command Center  
  27  3:01  Supply Depot  
  27  3:03  SCV  
  28  3:09  Siege Tank  
  31  3:14  Refinery  
  31  3:20  Starport  
  31  3:24  SCV  
  33  3:27  SCV  
  33  3:39  SCV, Orbital Command  
  34  3:45  Bunker  
  34  3:52  Siege Tank  
  34  3:53  SCV  
  38  3:58  Refinery  
  38  4:05  Viking  
  38  4:06  Refinery  
  38  4:07  SCV  
  41  4:15  Barracks Reactor  
  41  4:18  SCV  
  41  4:20  Orbital Command  
  41  4:21  SCV  
  43  4:31  SCV  
  44  4:33  SCV  
  44  4:35  Siege Tank  
  48  4:43  SCV  
  49  4:46  SCV  
  49  4:47  SCV  
  51  4:55  SCV  
  51  4:57  Viking x2  
  56  5:00  SCV x2, Supply Depot  
  56  5:02  Supply Depot  
  56  5:05  Refinery  
  58  5:07  SCV, Refinery  
  58  5:11  Siege Tank  
  58  5:12  SCV  
  63  5:14  SCV  
  63  5:19  SCV  
  65  5:22  Supply Depot  
  65  5:24  SCV  
  65  5:25  Supply Depot  
  65  5:26  SCV  
  67  5:30  Viking  
  67  5:31  SCV  
  67  5:34  Viking  
  72  5:37  SCV  
  72  5:39  SCV  
  74  5:43  SCV  
  74  5:49  Barracks Tech Lab  
  75  5:50  SCV  
  75  5:52  Factory  
  75  5:54  Factory  
  75  5:55  SCV  
  75  5:56  SCV  
  78  5:58  Siege Tank  
  81  6:05  Viking  
  81  6:07  Viking  
  81  6:11  SCV x2  
  87  6:34  Command Center  
  87  6:35  Siege Tank  
  90  6:44  Armory  
  90  6:45  Starport Reactor  
  90  6:47  Armory x2  
  90  6:52  Hellion, Siege Tank  
  90  6:53  Hellion  
  97  6:56  SCV x2  
  99  7:02  SCV  
  99  7:08  Factory  
  100  7:10  Factory  
  100  7:27  Hellion  
  101  7:31  Supply Depot  
  101  7:33  Supply Depot, Hellion, Siege Tank  
  101  7:36  SCV x2  
  108  7:45  Terran Vehicle And Ship Armor Level 1, Viking x2, Siege Tank  
  108  7:46  Starport  
  108  7:47  Starport  
  108  7:48  Terran Vehicle Weapons Level 1  
  108  7:51  Terran Ship Weapons Level 1  
  115  8:05  Supply Depot x2  
  115  8:09  SCV x3  
  115  8:10  Liberator  
  115  8:11  Factory Tech Lab, Factory Reactor  
  118  8:16  Supply Depot  
  118  8:18  Supply Depot  
  118  8:26  Siege Tank  
  127  8:27  Hellion x3  
  127  8:29  Starport Reactor, Starport Tech Lab  
  130  8:36  Orbital Command  
  129  8:49  Siege Tank x2  
  129  8:50  Hellion x3  
  141  8:56  SCV, Fusion Core  
  142  9:06  Engineering Bay  
  142  9:16  Viking x3  
  142  9:17  Viking x2  
  152  9:31  Supply Depot  
  152  9:32  Supply Depot  
  152  9:33  Command Center  
  152  9:35  SCV, Liberator  
  153  9:47  Terran Vehicle And Ship Armor Level 2, Building Armor, Terran Vehicle Weapons Level 2  
  153  9:48  Terran Ship Weapons Level 2  
  156  9:53  Viking  
  156  9:55  SCV x2  
  156  9:58  Refinery  
  156  9:59  Refinery  
  160  10:08  Thor  
  160  10:13  Infernal Pre-Igniter  
  166  10:38  Viking x2  
  166  10:39  Viking x3  
  176  11:00  Thor x2  
  176  11:03  Hellion  
  176  11:04  Hellion x2  
  194  11:08  Viking  
  196  11:12  Hellion, Missile Turret x2  
  196  11:13  Hellion  
  196  11:15  Missile Turret  
  200  11:22  Planetary Fortress  
  200  11:31  Command Center  
  200  11:34  Missile Turret  
  200  11:35  Command Center  
  200  11:36  Missile Turret  
  173  11:48  Viking x3  
  173  11:49  Hellion x3, Siege Tank x3  
  163  12:06  Hellion  
  163  12:07  Viking x2  
  163  12:10  Hellion  
  165  12:18  Viking  
  165  12:21  Siege Tank  
  146  12:32  Thor x2  
  146  12:33  Hellion x2  
  162  12:51  Orbital Command  
  162  12:53  Thor  
  168  13:00  Viking x3  
  168  13:01  Viking x2  
  172  13:14  Refinery x2  
Tags
 
Composition
MechMech
Matchup
TvT
Race
Terran
Spawn Locations
Cross Positions
Add a new tag
Caveats
  • Supply blocks, unpowered buildings, or Contaminate may cause inaccurate times.
  • Supply counts are checked every 10 seconds.